 Dungeon Crawl Stone Soup version 0.20.1-1-g8b1a95d (webtiles) character file.

3504 polve the Cleaver (level 9, -1/61 HPs)
             Began as a Demonspawn Gladiator on July 6, 2017.
             Was a Follower of Lugonu.
             Blown up by Maurice (11 damage)
             ... with a wand of disintegration (?/24)
             ... on level 8 of the Dungeon.
             The game lasted 00:08:50 (9136 turns).

polve the Cleaver (Demonspawn Gladiator)            Turns: 9136, Time: 00:08:51

Health: -1/61      AC: 13    Str: 19    XL:     9   Next: 80%
Magic:  0/9        EV: 11    Int:  9    God:    Lugonu [*.....]
Gold:   0          SH:  0    Dex: 16    Spells: 8/8 levels left

rFire    + . .     SeeInvis .   a - +0 war axe
rCold    + . .     Gourm    .   (no shield)
rNeg     . . .     Faith    .   m - +0 scale mail (curse)
rPois    .         Spirit   +   w - +2 hat
rElec    +         Reflect  .   s - scarf {rC+ rF+}
rCorr    .         Harm     .   (no gloves)
MR       .....                  A - +0 pair of boots {Stlth+}
Stlth    +.........             (no amulet)
Regen    0.2/turn               j - +2 ring of dexterity
MPRegen  0.3/turn               (no ring)

@: no status effects
A: thin metallic scales 3, demonic guardian 1, magic shield, magic regeneration
a: Depart the Abyss, Renounce Religion


You were on level 8 of the Dungeon.
You worshipped Lugonu.
Lugonu was aware of your devotion.
You were hungry.

You visited 2 branches of the dungeon, and saw 9 of its levels.

Inventory:

Hand Weapons
 a - a +0 war axe (weapon)
Armour
 m - a cursed +0 scale mail (worn)
 s - a scarf of resistance (worn)
 w - a +2 hat (worn)
 x - a +0 pair of gloves
 A - a +0 pair of boots of stealth (worn)
Jewellery
 j - a +2 ring of dexterity (left hand)
Wands
 E - a wand of lightning (3/15)
Scrolls
 b - 4 scrolls of remove curse {unknown}
 e - 8 scrolls of teleportation {unknown}
 i - 5 scrolls of magic mapping {unknown}
 k - 2 scrolls of enchant weapon {unknown}
 q - 2 scrolls of immolation {unknown}
 y - a scroll of identify {unknown}
 z - 3 scrolls of blinking {unknown}
 F - a scroll of fog {unknown}
Potions
 c - a potion of resistance {unknown}
 l - a potion of might {unknown}
 n - a potion of brilliance {unknown}
 p - a potion of ambrosia
 r - a potion of lignification
 v - a potion of curing {unknown}
 B - a potion of haste {unknown}
 C - 2 potions of heal wounds {unknown}
 D - 2 potions of magic {unknown}
Comestibles
 f - 9 bread rations
 h - a fruit
 o - 2 meat rations
 t - 7 royal jellies


   Skills:
 - Level 2.0 Fighting
 + Level 12.8 Axes
 - Level 1.7 Throwing
 - Level 2.6 Dodging


You had 8 spell levels left.
You didn't know any spells.

Dungeon Overview and Level Annotations

Branches:
Dungeon (8/15)             Temple (1/1) D:4
   Lair: D:8-11

Altars:
Ashenzari
Dithmenos
Elyvilon
Fedhas
Gozag
Hepliaklqana
Kikubaaqudgha
Makhleb
Nemelex Xobeh
Okawaru
Qazlal
Ru
Trog
Vehumet
Xom
Yredelemnul
Zin
The Shining One
Lugonu

Annotations:
D:8 Maurice


Innate Abilities, Weirdness & Mutations

You are completely covered in thin metallic scales. (AC +4, rElec)
A weak demonic guardian rushes to your aid.
When hurt, damage is shared between your health and your magic reserves.
You regenerate magic rapidly.


Message History

You swing at nothing.
You swing at nothing.
You swing at nothing.
You swing at nothing.
Your quasit disappears in a puff of smoke!
You swing at nothing.
You hear a zap.
You are blasted!
* * * LOW HITPOINT WARNING * * *
You hear a zap.
You are blasted!
* * * LOW HITPOINT WARNING * * *
You close the door.
Something unseen opens the door.
You hear a zap.
You are blasted!
* * * LOW HITPOINT WARNING * * *
You hear a zap.
You are blasted!
You die...

... .... ##########....
#.............
#.............
#............
#........#.###+# +###.
#..###...#.....###......
#..###...#......@.......
................#.........
................#.........
.........<+.....#.........
..###....#......#.........
#####....#......#.........
.........#....###......#
.........#....###......#
.......................#


There were no monsters in sight!

Vanquished Creatures
  Prince Ribbit (D:6)
  2 hippogriffs (D:7)
  A yak (D:7)
  2 hogs (D:7)
  A human (D:7)
  An orc warrior (D:7)
  A phantom (D:4)
  2 ogres
  The ghost of polve the Slasher, an amateur DsAK of Lugonu (D:3)
  A centaur (D:6)
  Blork the orc (D:6)
  2 bullfrogs
  3 killer bees (D:5)
  3 scorpions
  3 wights (D:7)
  3 crimson imps
  6 hounds
  A jelly (D:5)
  An orc wizard (D:5)
  2 orc priests
  A bullfrog skeleton (D:7)
  4 iguanas
  3 worker ants
  2 worker ant zombies (D:5)
  9 adders
  3 shadow imps
  2 oozes
  An adder zombie (D:6)
  An adder skeleton (D:6)
  2 worms
  2 dart slugs (D:1)
  8 leopard geckos
  9 orcs
  5 bats
  5 giant cockroaches
  7 goblins
  7 hobgoblins
  7 quokkas
  2 ball pythons
  3 frilled lizards
  5 kobolds
  3 leopard gecko skeletons
  8 rats
137 creatures vanquished.

Vanquished Creatures (collateral kills)
  The ghost of tmwrnj the Chopper, an amateur HOFi of Beogh (D:4)
  A yak (D:7)
  An ice beast (D:7)
  2 centaurs (D:7)
  2 bullfrogs
  A hound (D:4)
  A jelly (D:6)
  3 worker ants
  A leopard gecko skeleton (D:7)
13 creatures vanquished.

Vanquished Creatures (others)
  A frilled lizard (D:2)
1 creature vanquished.

Grand Total: 151 creatures vanquished

Notes
Turn   | Place    | Note
-------+----------+-------------------------------------------
     0 | D:1      | polve the Demonspawn Gladiator began the quest for the Orb.
     0 | D:1      | Reached XP level 1. HP: 16/16 MP: 1/1
    80 | D:1      | Reached skill level 3 in Axes
   369 | D:1      | Gained mutation: A weak demonic guardian rushes to your aid. [demonic ancestry]
   369 | D:1      | Reached XP level 2. HP: 20/22 MP: 2/2
  1303 | D:2      | Found a blossoming altar of Fedhas.
  1307 | D:2      | Gained mutation: When hurt, damage is shared between your health and your magic reserves. [demonic ancestry]
  1307 | D:2      | Reached XP level 3. HP: 27/27 MP: 3/3
  1585 | D:2      | Found an opulent altar of Gozag.
  1596 | D:2      | Reached skill level 4 in Axes
  2133 | D:2      | Found a burning altar of Makhleb.
  2135 | D:2      | Found a glowing silver altar of Zin.
  2135 | D:2      | Noticed a blizzard demon
  2135 | D:2      | Noticed an angel
  2315 | D:2      | Found a sparkling altar of Nemelex Xobeh.
  2348 | D:2      | Reached XP level 4. HP: 14/33 MP: 4/4
  3000 | D:3      | Noticed polve's ghost (amateur DsAK)
  3019 | D:3      | Killed polve's ghost
  3019 | D:3      | Reached skill level 5 in Axes
  3019 | D:3      | Gained mutation: You regenerate magic rapidly. [demonic ancestry]
  3019 | D:3      | Reached XP level 5. HP: 9/38 MP: 1/5
  3647 | D:4      | Found an ancient bone altar of Kikubaaqudgha.
  3654 | D:4      | Noticed a phantom
  3675 | D:4      | Killed a phantom
  3675 | D:4      | Reached skill level 6 in Axes
  3675 | D:4      | Gained mutation: You are partially covered in thin metallic scales. (AC +2) [demonic ancestry]
  3675 | D:4      | Reached XP level 6. HP: 29/44 MP: 4/6
  3890 | D:4      | Noticed tmwrnj's ghost (amateur HOFi)
  3915 | D:4      | Killed tmwrnj's ghost
  3915 | D:4      | Reached skill level 7 in Axes
  3933 | D:4      | Reached XP level 7. HP: 24/50 MP: 7/7
  4209 | D:4      | Found a staircase to the Ecumenical Temple.
  4584 | D:5      | Entered Level 5 of the Dungeon
  4826 | D:5      | Found a bloodstained altar of Trog.
  4845 | D:5      | Reached skill level 8 in Axes
  4926 | D:5      | Found a shattered altar of Ashenzari.
  4976 | D:5      | Found a sacrificial altar of Ru.
  5436 | D:5      | Reached skill level 9 in Axes
  5436 | D:5      | Gained mutation: You are mostly covered in thin metallic scales. (AC +3) [demonic ancestry]
  5436 | D:5      | Reached XP level 8. HP: 31/56 MP: 3/8
  5994 | D:6      | Found a glowing golden altar of the Shining One.
  6067 | D:6      | Noticed Prince Ribbit
  6075 | D:6      | Killed Prince Ribbit
  6441 | D:6      | Found an opulent altar of Gozag.
  6466 | D:6      | Noticed Blork the orc
  6480 | D:6      | Killed Blork the orc
  6480 | D:6      | Reached skill level 10 in Axes
  6675 | D:6      | Found a radiant altar of Vehumet.
  6677 | D:6      | Found a radiant altar of Vehumet.
  6677 | D:6      | Found an iron altar of Okawaru.
  6679 | D:6      | Found a shadowy altar of Dithmenos.
  6679 | D:6      | Found a hazy altar of Hepliaklqana.
  6679 | D:6      | Found a shimmering altar of Xom.
  7085 | D:7      | Found a bloodstained altar of Trog.
  7563 | D:7      | Reached skill level 11 in Axes
  7563 | D:7      | Gained mutation: You are completely covered in thin metallic scales. (AC +4, rElec) [demonic ancestry]
  7563 | D:7      | Reached XP level 9. HP: 28/61 MP: 4/9
  7929 | D:7      | Found an iron altar of Okawaru.
  8043 | D:7      | Reached skill level 12 in Axes
  8581 | D:7      | Found a hazy altar of Hepliaklqana.
  8636 | D:7      | Found a basalt altar of Yredelemnul.
  8748 | Temple   | Entered the Ecumenical Temple
  8788 | Temple   | Became a worshipper of Lugonu the Unformed
  8788 | Temple   | Reached * piety under Lugonu
  8947 | D:8      | Noticed Maurice
  9136 | D:8      | Blown up by Maurice

Skill      XL: |  1  2  3  4  5  6  7  8  9 |
---------------+----------------------------+-----
Axes           | 3 4 5 6 7 9 11 12 | 12.8
Fighting       | |  2.0
Throwing       | |  1.7
Dodging        | |  2.6

Action                   |  1- 3 |  4- 6 |  7- 9 || total
-------------------------+-------+-------+-------++-------
Melee: War axe           |   104 |    85 |   391 ||   580
       Unarmed           |       |     8 |       ||     8
  Use: Potion            |       |     1 |     1 ||     2
 Stab: Distracted        |       |     1 |     6 ||     7
  Eat: Chunk             |     4 |     6 |    16 ||    26
Armor: Leather armour    |    10 |       |       ||    10
       Scale mail        |    45 |    56 |   181 ||   282
       Skin              |       |     6 |       ||     6
Dodge: Dodged            |    72 |    58 |   226 ||   356
